 Dungeon Crawl Stone Soup version 0.24.1 (webtiles) character file.

Game seed: 10469550538747101282, levelgen mode: deterministic

281 nightchill the Ruffian (level 6, -4/53 HPs)
             Began as a Ghoul Gladiator on Mar 30, 2020.
             Was an Initiate of Ru.
             Slain by a hornet (7 damage)
             ... on level 4 of the Dungeon.
             The game lasted 00:08:05 (2762 turns).

nightchill the Ruffian (Ghoul Gladiator)            Turns: 2762, Time: 00:08:06

Health: -4/53      AC:  7    Str: 19    XL:     6   Next: 27%
Magic:  5/5        EV: 11    Int:  4    God:    Ru [......]
Gold:   109        SH:  0    Dex: 10    Spells: 5/5 levels left

rFire    . . .     SeeInvis .     - Unarmed
rCold    + . .     Gourm    .   (no shield)
rNeg     + + +     Faith    .   s - +0 ring mail
rPois    ∞         Spirit   .   b - +0 helmet
rElec    .         Reflect  .   k - +0 cloak
rCorr    .         Harm     .   (no gloves)
MR       .....                  (no boots)
Stlth    ..........             (no amulet)
HPRegen  0.00/turn              (no ring)
MPRegen  0.09/turn              (no ring)

@: rotting, hasted, very quick
A: rotting body, claws 1, carnivore, cold resistance 1, negative energy
resistance 3, inhibited regeneration, torment resistance, unbreathing
a: Renounce Religion


You were on level 4 of the Dungeon.
You worshipped Ru.
Ru was noncommittal.
You were not hungry.

You visited 1 branch of the dungeon, and saw 4 of its levels.

You collected 109 gold pieces.

Inventory:

Hand Weapons
 g - a +0 hunting sling
Missiles
 c - 3 throwing nets (quivered)
 h - 147 stones
Armour
 a - a +0 leather armour
 b - a +0 helmet (worn)
 k - a +0 cloak (worn)
 p - a +0 buckler
 r - a +0 shield
 s - a +0 ring mail (worn)
Jewellery
 x - a cursed -2 ring of strength {unknown}
Scrolls
 e - 2 scrolls of blinking {unknown}
 m - a scroll of immolation {unknown}
 q - a scroll of fear {unknown}
 t - a scroll of identify {unknown}
 u - a scroll of magic mapping {unknown}
 w - a scroll of fog {unknown}
Potions
 i - 2 potions of brilliance {unknown}
 j - 2 potions of ambrosia {unknown}
 l - a potion of agility {unknown}
 n - a potion of cancellation {unknown}
 v - a potion of flight {unknown}
 z - a potion of degeneration {unknown}
Comestibles
 d - 3 rations


   Skills:
 + Level 4.3 Fighting
 - Level 1.7 Throwing
 - Level 2.6 Dodging
 * Level 6.4 Unarmed Combat


You had 5 spell levels left.
You didn't know any spells.
Your spell library was empty.

Dungeon Overview and Level Annotations

Branches:
Dungeon (4/15)
 Temple: D:4-7

Altars:
Cheibriados
Nemelex Xobeh
Okawaru
Qazlal
Ru
Wu Jian
Zin
The Shining One


Innate Abilities, Weirdness & Mutations

Your body is rotting away.
You thrive on raw meat.
You are immune to poison.
You have sharp fingernails.
You are carnivorous and can eat meat at any time.
Your flesh is cold resistant. (rC+)
You are immune to negative energy. (rN+++)
You do not regenerate when monsters are visible.
You are immune to unholy pain and torment.
You can survive without breathing.


Message History

The hornet barely misses you.
A scorpion comes into view.
You scratch the hornet. Your claw misses the hornet.
The hornet is heavily wounded.
The hornet stings you. The hornet closely misses you. The hornet misses you.
The hornet completely misses you. The hornet stings you!
You scratch the hornet.
The hornet is severely wounded.
The hornet stings you.
You scratch the hornet.
The hornet is severely wounded.
The hornet stings you!
You closely miss the hornet.
The hornet is severely wounded.
The hornet stings you. The hornet stings you!
* * * LOW HITPOINT WARNING * * *
You feel yourself speed up. The hornet stings you!
You die...

............# #
.......s....#.#
............#.#
..............#
............###
............#
..####.#..#.# #
#.#..#y#
#.#..#@#
#.#..#.# ######
#..#.###....##
##.#.#......)#
#....#.#._.#.#
##.###.#...#.#
#...........#
.######.#######
..........#


You could see a hornet.

Vanquished Creatures
  A scorpion (D:2)
  Natasha (thrice) (D:3)
  A worker ant (D:4)
  5 adders
  2 oozes
  A worm (D:2)
  A dart slug (D:2)
  6 leopard geckos
  4 orcs (D:3)
  A giant cockroach (D:3)
  6 goblins
  11 hobgoblins
  6 jackals
  A quokka (D:3)
  2 bats (D:1)
  2 frilled lizards
  9 kobolds
  10 rats
72 creatures vanquished.

Notes
Turn   | Place    | Note
-------+----------+-------------------------------------------
     0 | D:1      | nightchill the Ghoul Gladiator began the quest for the Orb.
     0 | D:1      | Reached XP level 1. HP: 17/17 MP: 0/0
   220 | D:1      | Reached XP level 2. HP: 19/25 MP: 1/1
   278 | D:1      | Reached skill level 4 in Unarmed Combat
   434 | D:1      | Reached XP level 3. HP: 30/30 MP: 2/2
   833 | D:1      | Found a sparkling altar of Nemelex Xobeh.
   893 | D:2      | Found a glowing silver altar of Zin.
  1059 | D:2      | Found a sacrificial altar of Ru.
  1184 | D:2      | Noticed a scorpion
  1190 | D:2      | Killed a scorpion
  1190 | D:2      | Reached skill level 5 in Unarmed Combat
  1190 | D:2      | Reached XP level 4. HP: 27/38 MP: 3/3
  1246 | D:2      | Found a stormy altar of Qazlal.
  1259 | D:2      | Reached XP level 5. HP: 37/45 MP: 4/4
  1685 | D:2      | Became a worshipper of Ru the Awakened
  1840 | D:3      | Found a glowing golden altar of the Shining One.
  1952 | D:3      | Found a sparkling altar of Nemelex Xobeh.
  1964 | D:3      | Found an iron altar of Okawaru.
  2171 | D:3      | Noticed Natasha
  2187 | D:3      | Killed Natasha
  2213 | D:3      | Noticed Natasha
  2223 | D:3      | Killed Natasha
  2223 | D:3      | Reached skill level 6 in Unarmed Combat
  2245 | D:3      | Noticed Natasha
  2257 | D:3      | Killed Natasha
  2257 | D:3      | Reached XP level 6. HP: 52/52 MP: 5/5
  2271 | D:3      | Found an ornate altar of the Wu Jian Council.
  2575 | D:4      | Found a snail-covered altar of Cheibriados.
  2746 | D:4      | Noticed a hornet
  2762 | D:4      | Slain by a hornet

Levels and vault maps discovered:
D:1:      nzn_arrival_water_spiral, layout_basic, minmay_misc_feat_diagonals,
          nemelex_diamond_rough_becter
D:2:      layout_loops_ring, zin_statuary, lemuel_doored_altar,
          lemuel_round_altar
D:3:      layout_loops_ring, lemuel_crystal_altar, overflow_temple_1_default,
          lemuel_round_altar, first_ration, nicolae_tso_carved_into_rock,
          uniq_natasha
D:4:      layout_basic, cheibriados_altar_1, enter_ossuary_1,
          grunt_decor_fettered

Skill      XL: |  1  2  3  4  5 |
---------------+----------------+-----
Unarmed Combat | 4 5 6 |  6.4
Fighting       | 3 4 |  4.3
Throwing       | |  1.7
Dodging        | |  2.6

Action                   |  1- 3 |  4- 6 || total
-------------------------+-------+-------++-------
Melee: Unarmed           |    98 |   141 ||   239
       Punch             |     2 |     1 ||     3
  Use: Potion            |       |     1 ||     1
 Stab: Sleeping          |       |     1 ||     1
  Eat: Chunk             |     9 |    10 ||    19
Armor: Leather armour    |    26 |     5 ||    31
       Ring mail         |       |    21 ||    21
Dodge: Dodged            |    44 |    73 ||   117
